 Dungeon Crawl Stone Soup version 0.25-a0-661-g55ea3d2053 (webtiles) character file.

Game seed: 15956011614010237813, levelgen mode: deterministic

46 DasRunzen the Slasher (level 3, -3/29 HPs)
             Began as a Demigod Gladiator on Mar 23, 2020.
             Slain by a centaur (9 damage)
             ... on level 2 of the Dungeon.
             The game lasted 00:01:32 (602 turns).

DasRunzen the Slasher (Demigod Gladiator)            Turns: 602, Time: 00:01:33

Health: -3/29      AC:  9    Str: 17    XL:     3   Next: 27%
Magic:  6/6        EV: 13    Int: 14    God:
Gold:   23         SH:  0    Dex: 17    Spells: 3/3 levels left

rFire    . . .     SeeInvis .   a - +2 long sword
rCold    . . .     Gourm    .   (no shield)
rNeg     . . .     Faith    .   b - +0 leather armour
rPois    .         Spirit   .   c - +0 helmet
rElec    .         Reflect  .   (no cloak)
rCorr    .         Harm     .   l - +1 pair of gloves
MR       .....                  (no boots)
Stlth    +.........             (no amulet)
HPRegen  0.09/turn              n - +3 ring of protection
MPRegen  0.10/turn              (no ring)

@: no status effects
A: high mp 1
a: no special abilities


You were on level 2 of the Dungeon.
You were not hungry.

You visited 1 branch of the dungeon, and saw 2 of its levels.

You collected 23 gold pieces.

Inventory:

Hand Weapons
 a - a +2 long sword (weapon)
Missiles
 d - 3 throwing nets (quivered)
Armour
 b - a +0 leather armour (worn)
 c - a +0 helmet (worn)
 l - a +1 pair of gloves (worn)
Jewellery
 n - a +3 ring of protection (left hand)
Scrolls
 i - a scroll of identify
Potions
 h - a potion of cancellation
 k - a potion of might
Comestibles
 f - 2 rations


   Skills:
 + Level 2.2 Fighting
 + Level 3.0 Long Blades
 - Level 1.7 Throwing
 + Level 1.0 Armour
 + Level 3.0 Dodging
 + Level 0.9 Spellcasting


You had 3 spell levels left.
You didn't know any spells.
Your spell library was empty.

Dungeon Overview and Level Annotations

Branches:
Dungeon (2/15)


Innate Abilities, Weirdness & Mutations

You have an increased reservoir of magic. (+10% MP)


Message History

* * * LOW HITPOINT WARNING * * *
The centaur hits you but does no damage.
You slash the centaur!
The centaur is moderately wounded.
The centaur closely misses you.
The centaur hits you but does no damage.
You hit the centaur but do no damage.
The centaur is moderately wounded.
The centaur closely misses you.
You riposte.
You hit the centaur.
The centaur is severely wounded.
You closely miss the centaur.
The centaur is severely wounded.
The centaur completely misses you. The centaur hits you.
* * * LOW HITPOINT WARNING * * *
You closely miss the centaur.
The centaur is severely wounded.
The centaur misses you.
You riposte.
You hit the centaur.
The centaur is severely wounded.
The centaur hits you!
You die...

#.#
#.#.#
#.#.#
#.#.#
#.#.#
#.#.#
#.#.#
#.#.#
#@#.###
#c....#
###.#.#
#.#..r
#.# ...
#.#
.....
#..
..##
### .)#


You could see a centaur.

Vanquished Creatures
  2 adders (D:2)
  2 dart slugs (D:1)
  A leopard gecko (D:1)
  2 goblins (D:1)
  2 hobgoblins (D:1)
  2 jackals (D:1)
  4 kobolds (D:1)
  A quokka (D:2)
  3 bats (D:1)
  A frilled lizard (D:1)
  4 rats (D:1)
24 creatures vanquished.

Notes
Turn   | Place    | Note
-------+----------+-------------------------------------------
     0 | D:1      | DasRunzen the Demigod Gladiator began the quest for the
                  | Orb.
     0 | D:1      | Reached XP level 1. HP: 17/17 MP: 3/3
   233 | D:1      | Reached XP level 2. HP: 24/24 MP: 4/4
   570 | D:2      | Noticed a centaur
   583 | D:2      | Reached skill level 1 in Armour
   583 | D:2      | Reached XP level 3. HP: 25/29 MP: 6/6
   602 | D:2      | Slain by a centaur

Levels and vault maps discovered:
D:1:      dpeg_arrival_radiant, layout_basic
D:2:      layout_loops_ring, overflow_temple_1_default, elyvilon_altar_4,
          uniq_sigmund, uniq_crazy_yiuf_cottage

Skill      XL: |  1  2 |
---------------+-------+-----
Fighting       | 2 |  2.2
Long Blades    | 3 |  3.0
Armour         | 1 |  1.0
Dodging        | 3 |  3.0
Throwing       | |  1.7
Spellcasting   | |  0.9

Action                   || total
-------------------------++-------
Melee: Long sword        ||    70
  Use: Scroll            ||     7
 Stab: Sleeping          ||     1
       Distracted        ||     1
Armor: Leather armour    ||    32
Dodge: Dodged            ||    58
       Rpst.: Long sword ||    16

Table legend:
 A = Non-vault XP
 B = Vault XP
 C = Vault XP percentage of total XP
 D = Non-vault monster count
 E = Vault monster count
 F = Vault count percentage of total count
                 A         B        C        D         E       F
            +---------+---------+-------+---------+---------+-------
      Total |      67 |       0 |   0.0 |      24 |       0 |   0.0
            +---------+---------+-------+---------+---------+-------
        D:1 |      38 |       0 |   0.0 |      21 |       0 |   0.0
        D:2 |      29 |       0 |   0.0 |       3 |       0 |   0.0
            +---------+---------+-------+---------+---------+-------
